 Dungeon Crawl Stone Soup version 0.24-a0-170-gd8427f5388 (webtiles) character file.

Game seed: 2738841560796943832

4775 undercooked the Blocker (level 10, -7/72 HPs)
             Began as an Octopode Fighter on Mar 10, 2019.
             Was a Believer of Nemelex Xobeh.
             Mangled by a death yak (20 damage)
             ... on level 8 of the Dungeon.
             The game lasted 00:16:41 (11214 turns).

undercooked the Blocker (Octopode Fighter)         Turns: 11214, Time: 00:16:42

Health: -7/72      AC:  1    Str: 17    XL:     10   Next: 47%
Magic:  13/13      EV: 13    Int: 11    God:    Nemelex Xobeh [**....]
Gold:   235        SH: 11    Dex: 13    Spells: 9/9 levels left

rFire    + . .     SeeInvis +   c - +2 hand axe (drain)
rCold    . . .     Gourm    .   b - +0 shield
rNeg     . . .     Faith    .   (helmet restricted)
rPois    .         Spirit   .   (no amulet)
rElec    .         Reflect  .   r - ring of protection from magic
rCorr    .         Harm     .   A - ring of see invisible
MR       +....                  H - ring of protection from fire
Stlth    ++........             (no ring)
HPRegen  0.22/turn              (no ring)
MPRegen  0.13/turn              (no ring)
                                (no ring)
                                (no ring)

@: no status effects
A: almost no armour, stealthy swim, amphibious, 8 rings, constrict 8, camouflage
1, gelatinous body 1
a: Draw Escape, Draw Destruction, Draw Summoning, Renounce Religion


You were on level 8 of the Dungeon.
You worshipped Nemelex Xobeh.
Nemelex Xobeh was pleased with you.
You were not hungry.

You visited 1 branch of the dungeon, and saw 9 of its levels.

You collected 655 gold pieces.
You spent 420 gold pieces at shops.

Inventory:

Hand Weapons
 a - a +0 war axe
 c - a +2 hand axe of draining (weapon)
 p - a +0 short sword of freezing
 q - a cursed +2 morningstar
 x - a -1 war axe
 y - a +0 trident
 D - a +3 trident
 K - a +2 scimitar of holy wrath
 N - a +0 spear of venom
Missiles
 w - 6 javelins (quivered)
 G - 3 throwing nets {!f}
Armour
 b - a +0 shield (worn)
Jewellery
 r - a ring of protection from magic (left tentacle)
 A - a ring of see invisible (right tentacle)
 C - a cursed amulet of inaccuracy
 H - a ring of protection from fire (on tentacle)
 P - a +6 ring of intelligence {unknown}
Wands
 s - a wand of random effects (22)
 E - a wand of flame (26)
 J - a wand of polymorph (8)
Scrolls
 e - 4 scrolls of amnesia
 h - 2 scrolls of fear
 j - 3 scrolls of remove curse {@r2}
 k - 2 scrolls of noise
 l - 3 scrolls of teleportation {@r3}
 m - 3 scrolls of magic mapping
 n - 3 scrolls of enchant armour {unknown}
 v - 2 scrolls of blinking {unknown}
 B - a scroll of fog {unknown}
 I - a scroll of holy word {unknown}
 M - a scroll of enchant weapon {unknown}
 O - a scroll of identify {@r1}
Potions
 f - 5 potions of curing {@q1}
 g - 3 potions of resistance
 i - a potion of invisibility
 o - 3 potions of haste
 t - a potion of might
 u - a potion of ambrosia
 z - a potion of degeneration {unknown}
 L - a potion of lignification {unknown}
Comestibles
 d - 18 rations


   Skills:
 + Level 8.3 Fighting
 - Level 2.0(4.6) Axes
 * Level 6.6(6.8) Polearms
 - Level 3.0 Dodging
 + Level 10.3 Shields
 - Level 5.2 Invocations


You had 9 spell levels left.
You didn't know any spells.
Your spell library was empty.

Dungeon Overview and Level Annotations

Branches:
Dungeon (9/15)             Temple (0/1) D:7             Orc (0/2) D:9
   Lair: D:8-11

Altars:
Cheibriados
Dithmenos
Elyvilon
Fedhas
Gozag
Hepliaklqana
Kikubaaqudgha
Nemelex Xobeh
Okawaru
Qazlal
Trog
Wu Jian
Zin

Shops:
D:7 *

Annotations:
D:4 Grinder
D:9 exclusion: 2 death yaks


Innate Abilities, Weirdness & Mutations

You cannot wear most types of armour.
You are very stealthy in the water. (Stealth+)
You are amphibious.
You can wear up to eight rings at the same time.
You can use your tentacles to constrict eight enemies at once.
Your skin changes colour to match your surroundings (Stealth+).
Your rubbery body absorbs attacks. (AC +1, EV +1)


Message History

The death yak gores you.
You hit the death yak but do no damage. Your squeeze misses the death yak.
You block the death yak's attack.
You hit the death yak but do no damage. The death yak gores you!
You hit the death yak but do no damage. You drain the death yak.
You block the death yak's attack.
You hit the death yak.
You squeeze the death yak, but do no damage.
The death yak closely misses you.
You hit the death yak.
You squeeze the death yak, but do no damage.
You block the death yak's attack.
You barely miss the death yak.
You squeeze the death yak, but do no damage.
The death yak gores you!!
You hit the death yak but do no damage. The death yak gores you!
* * * LOW HITPOINT WARNING * * *
The death yak gores you!!
You die...
Your body disappears without a glow.

###### ##### #....# ....# #....#
....# ####....# ..(.# #.......#
....##### ##..#Y...###########
........###...#.@.....##.>...##
#........)..#.................##
...#....####...................#
.#......# #.<....(.............#
###.....###.###................#
###.........# #.........(......#
....#.##(...# #...........>....#
###...#####.# #................#
###...## #.###...............##


You could see a death yak.

Vanquished Creatures
  Maurice (D:8)
  A yak (D:9)
  Menkaure (D:6)
  2 ice beasts
  2 orc warriors (D:9)
  An eye of draining (D:9)
  8 ogres
  2 centaurs (D:9)
  2 big kobolds
  4 bullfrogs
  A gnoll sergeant (D:6)
  3 scorpions
  5 wights (D:6)
  2 howler monkeys (D:7)
  3 crimson imps
  2 centaur zombies
  5 hounds
  2 bullfrog zombies
  3 jellies
  5 orc wizards
  An orc priest (D:3)
  2 bullfrog skeletons
  A centaur skeleton (D:7)
  An iguana (D:7)
  7 worker ants
  A hound zombie (D:5)
  A hound skeleton (D:6)
  12 gnolls
  9 adders
  2 oozes
  3 adder skeletons
  2 adder zombies
  3 worms
  A dart slug (D:1)
  5 leopard geckos
  17 orcs
  6 bats
  4 giant cockroaches
  7 goblins
  10 hobgoblins
  16 jackals
  21 kobolds
  4 quokkas
  4 ball pythons
  A frilled lizard (D:3)
  A jackal zombie (D:7)
  A leopard gecko skeleton (D:9)
  A quokka skeleton (D:4)
  7 rats
206 creatures vanquished.

Vanquished Creatures (collateral kills)
  Harold (D:8)
  A worker ant zombie (D:8)
2 creatures vanquished.

Grand Total: 208 creatures vanquished

Notes
Turn   | Place    | Note
-------+----------+-------------------------------------------
     0 | D:1      | undercooked the Octopode Fighter began the quest for the
                  | Orb.
     0 | D:1      | Reached XP level 1. HP: 16/16 MP: 1/1
   133 | D:1      | Reached XP level 2. HP: 14/21 MP: 2/2
   405 | D:1      | Reached XP level 3. HP: 19/27 MP: 3/3
  1162 | D:2      | Reached XP level 4. HP: 33/34 MP: 4/4
  1726 | D:3      | Reached XP level 5. HP: 12/38 MP: 5/5
  1726 | D:3      | Reached skill level 4 in Shields
  1971 | D:3      | Reached skill level 5 in Fighting
  2474 | D:3      | Found a sparkling altar of Nemelex Xobeh.
  2474 | D:3      | Found an ornate altar of the Wu Jian Council.
  2476 | D:3      | Found a snail-covered altar of Cheibriados.
  2476 | D:3      | Found a bloodstained altar of Trog.
  2480 | D:3      | Found an ancient bone altar of Kikubaaqudgha.
  2480 | D:3      | Found an iron altar of Okawaru.
  2481 | D:3      | Found a stormy altar of Qazlal.
  2656 | D:4      | Found an opulent altar of Gozag.
  2662 | D:4      | Noticed an ogre
  2859 | D:4      | Noticed Grinder
  3015 | D:4      | Reached XP level 6. HP: 40/46 MP: 6/6
  3183 | D:4      | Found a shadowy altar of Dithmenos.
  3456 | D:4      | Reached skill level 5 in Shields
  3456 | D:4      | Reached XP level 7. HP: 53/53 MP: 7/7
  4280 | D:3      | Became a worshipper of Nemelex Xobeh the Trickster
  4321 | D:5      | Entered Level 5 of the Dungeon
  4624 | D:5      | Found a white marble altar of Elyvilon.
  4680 | D:4      | Reached XP level 8. HP: 49/61 MP: 8/8
  4741 | D:5      | Reached skill level 6 in Shields
  6077 | D:6      | Noticed Menkaure
  6114 | D:6      | Killed Menkaure
  6114 | D:6      | Reached skill level 7 in Shields
  6114 | D:6      | Reached skill level 1 in Invocations
  6225 | D:6      | Received a gift from Nemelex Xobeh
  6645 | D:6      | Reached skill level 8 in Shields
  6802 | D:6      | Reached XP level 9. HP: 39/66 MP: 11/11
  7122 | D:6      | Found a hazy altar of Hepliaklqana.
  7745 | D:7      | Reached skill level 9 in Shields
  8453 | D:7      | Found a staircase to the Ecumenical Temple.
  8475 | D:7      | Reached skill level 1 in Polearms
  8683 | D:7      | Reached * piety under Nemelex Xobeh
  8881 | D:7      | Found Myghom's Assorted Antiques.
  8884 | D:7      | Bought a notched wooden ring for 140 gold pieces
  8884 | D:7      | Bought a scroll labeled CICHAMN QIEX for 28 gold pieces
  8884 | D:7      | Bought a scroll labeled MIPARYEHEU for 28 gold pieces
  8884 | D:7      | Bought a glass wand for 112 gold pieces
  8884 | D:7      | Bought a scroll of identify for 56 gold pieces
  8884 | D:7      | Bought a scroll of identify for 56 gold pieces
  8961 | D:7      | Found a blossoming altar of Fedhas.
  9146 | D:8      | Found a hazy altar of Hepliaklqana.
  9236 | D:8      | Noticed Harold
  9297 | D:8      | Found a glowing silver altar of Zin.
  9319 | D:8      | Noticed Maurice
  9326 | D:8      | Killed Maurice
  9326 | D:8      | Reached skill level 5 in Invocations
  9452 | D:8      | Killed Harold
  9452 | D:8      | Reached skill level 5 in Polearms
  9452 | D:8      | Reached skill level 10 in Shields
  9452 | D:8      | Reached XP level 10. HP: 46/72 MP: 13/13
  9924 | D:9      | Noticed a death yak
  9925 | D:9      | Noticed a death yak
 10136 | D:9      | Found a staircase to the Orcish Mines.
 10940 | D:9      | Reached ** piety under Nemelex Xobeh
 11050 | D:9      | Noticed a death yak
 11214 | D:8      | Mangled by a death yak

Levels and vault maps discovered:
D:1:      dpeg_arrival_renting, layout_rooms
D:2:      layout_loops_ring
D:3:      layout_basic, grunt_temple_overflow_open, first_ration,
          minmay_fractal_squares_5
D:4:      layout_layer_cave, nicolae_dithmenos_shadow_blocks,
          nicolae_gozag_cash_rules_everything_around_me, uniq_grinder
D:5:      layout_loops_corners, nicolae_overflow_crystal_walls
D:6:      cheibrodos_thug_alley, layout_rooms, marbit_many_paths, uniq_menkaure
D:7:      layout_loops_ring, fedhas_altar_2, minmay_temple_entry_mist,
          serial_shops, nicolae_shop_window_shopping
D:8:      layout_rooms, zin_statuary, basic_altar, grunt_ogre_cave,
          uniq_maurice, uniq_harold
D:9:      layout_loops_corners, dpeg_lair_monsters, orc_0_dummy

Skill      XL: |  1  2  3  4  5  6  7  8  9 10 |
---------------+-------------------------------+-----
Fighting       | 4 5 6 7 8 |  8.3
Shields        | 4 5 8 10 | 10.3
Invocations    | 3 5 |  5.2
Polearms       | 5 6 |  6.6
Axes           | |  2.0
Dodging        | |  3.0

Action                   |  1- 3 |  4- 6 |  7- 9 | 10-12 || total
-------------------------+-------+-------+-------+-------++-------
Melee: War axe           |    50 |    29 |     3 |       ||    82
       Tentacles         |    11 |    18 |    59 |    19 ||   107
       Constrict         |    15 |    16 |    57 |    10 ||    98
       Hand axe          |       |    51 |   266 |    20 ||   337
       Trident           |       |       |       |    78 ||    78
Throw: Javelin           |       |       |     7 |       ||     7
 Abil: Draw Destruction  |       |       |     7 |       ||     7
       Draw Summoning    |       |       |     1 |       ||     1
Evoke: Wand              |       |       |     1 |       ||     1
  Use: Potion            |       |     1 |     5 |       ||     6
       Scroll            |       |       |    10 |     3 ||    13
 Stab: Sleeping          |    10 |     5 |     8 |     2 ||    25
       Confused          |       |       |     1 |       ||     1
  Eat: Chunk             |     1 |     7 |    16 |     5 ||    29
       Ration            |       |       |     1 |       ||     1
Armor: Skin              |    11 |     6 |     6 |     2 ||    25
Dodge: Dodged            |    17 |    40 |   106 |    25 ||   188
Block: Shield            |    22 |    22 |   118 |    24 ||   186

Table legend:
 A = Non-vault XP
 B = Vault XP
 C = Vault XP percentage of total XP
 D = Non-vault monster count
 E = Vault monster count
 F = Vault count percentage of total count
                 A         B        C        D         E       F
            +---------+---------+-------+---------+---------+-------
      Total |    4925 |    1897 |  27.8 |     188 |      20 |   9.6
            +---------+---------+-------+---------+---------+-------
        D:1 |      57 |       0 |   0.0 |      29 |       0 |   0.0
        D:2 |      46 |       0 |   0.0 |      12 |       0 |   0.0
        D:3 |     118 |      19 |  13.9 |      23 |       4 |  14.8
        D:4 |     728 |       0 |   0.0 |      17 |       0 |   0.0
        D:5 |     621 |       0 |   0.0 |      20 |       0 |   0.0
        D:6 |     633 |     288 |  31.3 |      27 |      12 |  30.8
        D:7 |    1125 |       0 |   0.0 |      31 |       0 |   0.0
        D:8 |     432 |    1588 |  78.6 |       8 |       3 |  27.3
        D:9 |    1165 |       2 |   0.2 |      21 |       1 |   4.5
            +---------+---------+-------+---------+---------+-------
